 Dungeon Crawl Stone Soup version 0.17-a0-1900-g45e8110 (webtiles) character file.

43720 dpvblackbelt the Warrior (level 13, -6/128 HPs)
             Began as a Minotaur Gladiator on Sept 24, 2015.
             Was an Elder of Okawaru.
             Mangled by a white very ugly thing (12 damage)
             ... on level 1 of the Abyss on Sept 25, 2015.
             The game lasted 01:07:05 (13370 turns).

dpvblackbelt the Warrior (Minotaur Gladiator)      Turns: 13370, Time: 01:07:05

Health: -6/128     AC: 22    Str: 21    XL:     13   Next: 92%
Magic:  18/18      EV:  8    Int:  5    God:    Okawaru [****..]
Gold:   314        SH:  0    Dex: 15    Spells: 0 memorised, 12 levels left

rFire  . . .     SeeInvis .     g - +8 lajatang (elec)
rCold  . . .     Clarity  .     w - +0 plate armour
rNeg   + . .     SustAt   .     (no shield)
rPois  .         Gourm    .     c - +0 hat
rElec  .         Spirit   .     z - +2 cloak
rCorr  .         Warding  .     m - +0 pair of gloves
rMut   .         Stasis   .     C - +0 pair of boots
MR     .....                    (no amulet)
Stlth  ..........               p - ring of positive energy {rN+}
                                t - ring of flight {+Fly, !d}

@: studying Shields, not resistant to hostile enchantments, extremely unstealthy
A: retaliatory headbutt, horns 2
a: Heroism, Renounce Religion, Evoke Flight


You were on level 1 of the Abyss.
You worshipped Okawaru.
Okawaru was greatly pleased with you.
You were very full.

You visited 2 branches of the dungeon, and saw 11 of its levels.
You visited the Abyss 1 time.
You also visited: Sewer and Bailey.

You collected 774 gold pieces.
You spent 460 gold pieces at shops.

Inventory:

Hand weapons
 a - a +0 arbalest
   (You took it off an orc in a bailey)
 b - a +5 quarterstaff of chaos
   (You took it off Crazy Yiuf on level 5 of the Dungeon)
 g - a +8 lajatang of electrocution (weapon)
   (You acquired it on level 9 of the Dungeon)
 N - a +0 longbow of velocity
   (Okawaru gifted it to you on level 1 of the Abyss)
Missiles
 d - 3 throwing nets {=f, !d}
 B - 202 bolts
Armour
 c - a +0 hat (worn)
 m - a +0 pair of gloves (worn)
   (You found it on level 1 of the Dungeon)
 q - the +1 buckler of Okawaru's Pride {rF+ rC+++ MR- Str-5, unknown}
   (Okawaru gifted it to you on level 1 of the Abyss)

   It affects your strength (-5).
   It protects you from fire.
   It renders you almost immune to cold.
   It affects your resistance to hostile enchantments.
 w - a +0 plate armour (worn)
   (You found it on level 2 of the Dungeon)
 z - a +2 cloak (worn)
   (You took it off Crazy Yiuf on level 5 of the Dungeon)
 C - a +0 pair of boots (worn)
   (You found it on level 5 of the Dungeon)
Magical staves
 l - an uncursed staff of earth {unknown}
   (You found it on level 1 of the Abyss)
 L - an uncursed staff of power {MP+17, !a}
   (You found it on level 6 of the Dungeon)
Rods
 K - a +1 iron rod (9/9)
   (You found it on level 6 of the Dungeon)
Jewellery
 p - a ring of positive energy (right hand) {rN+}
   (You found it on level 8 of the Dungeon)
 t - a ring of flight (left hand) {+Fly, !d}
   (You found it on level 2 of the Dungeon)
 S - an uncursed ring of fire {rF+, rC-}
   (You bought it in a shop on level 9 of the Dungeon)
Magical devices
 n - a wand of slowing (23)
   (You found it on level 10 of the Dungeon)
 r - a wand of digging (6)
   (You took it off Ijyb on level 2 of the Dungeon)
 y - a wand of confusion (45)
   (You took it off Natasha on level 2 of the Dungeon)
 M - a wand of lightning (8)
   (You found it on level 6 of the Dungeon)
 V - a wand of digging (13)
   (You found it on level 8 of the Dungeon)
 W - a wand of slowing (16)
   (You found it on level 8 of the Dungeon)
Scrolls
 f - 3 scrolls of enchant armour
 h - 7 scrolls of remove curse
 i - 3 scrolls of random uselessness
 j - 12 scrolls of identify
 u - a scroll of recharging
 v - 2 scrolls of magic mapping {!r}
 D - 2 scrolls of noise {!r}
Potions
 s - a potion of lignification {!q}
 x - a potion of invisibility
 J - 5 potions of curing
 R - a potion of flight
Books
 F - a manual of Shields {!d}
   (You found it in a bailey)
 G - a Fen Folio
   (You found it on level 3 of the Dungeon)
Miscellaneous
 k - a stone of tremors
   (You found it on level 9 of the Dungeon)
Comestibles
 e - 3 bread rations {@e1@e1}
 o - 5 meat rations {@e2@e2}
 U - 7 slices of pizza
 Y - 15 fruits
 Z - a royal jelly


   Skills:
 + Level 15.7 Fighting
 - Level 15.0 Staves
 - Level 2.0 Throwing
 - Level 13.4 Armour
 - Level 3.2 Dodging
 - Level 8.2 Invocations


You had 12 spell levels left.
You didn't know any spells.

Dungeon Overview and Level Annotations

Branches:
Dungeon (10/15)            Temple (1/1) D:5             Orc (0/4) D:10
   Lair: D:8-11

Altars:
Ashenzari
Cheibriados
Dithmenos
Elyvilon
Fedhas
Gozag
Kikubaaqudgha
Makhleb
Nemelex Xobeh
Okawaru
Qazlal
Ru
Sif Muna
Trog
Vehumet
Xom
Yredelemnul
Zin
The Shining One

Shops:
D:2 *   D:9 *   D:10 ([!

Annotations:
D:10 Sonja


Innate Abilities, Weirdness & Mutations

You reflexively headbutt those who attack you in melee.
You have a pair of horns on your head.


Message History

You feel like a meek peon again.
The lich mumbles some strange words.
The lich seems to speed up.
Unknown command.
The smoke demon gestures at you. The ball of steam hits you!
You take 20 damage, and have 70/126 hp.
A large abomination comes into view.
The large abomination hits you but does no damage.
The large abomination hits you!
You take 16 damage, and have 55/126 hp.
The large abomination hits you!!
* * * LOW HITPOINT WARNING * * *
You take 26 damage, and have 29/126 hp.
MASSIVE DAMAGE!!
You see here a scroll labeled EXKA ZITIGGYV.
You gain the combat prowess of a mighty hero.
You feel slightly less full.
You now have 16/18 mp.
Drink which item? (? for menu, Esc to quit)
You don't have any such object.
Drink which item? (? for menu, Esc to quit)
You can't drink that!
Drink which item? (? for menu, Esc to quit)
You feel better. The lich completely misses you. You furiously retaliate!
You headbutt the lich. The lich casts a spell at you.
The bolt of fire hits you!
* * * LOW HITPOINT WARNING * * *
You regained 3 hp, and now have 35/126 hp.
Drink which item? (? for menu, Esc to quit)
You feel better. The lich touches you.
You regained 4 hp, and now have 39/126 hp.
You hit the lich but do no damage.
There is a sudden explosion of sparks!
The lich casts a spell.
You hit the lich. Your headbutt misses the lich. The lich touches you.
* * * LOW HITPOINT WARNING * * *
You take 2 damage, and have 37/126 hp.
You slice the lich!!
There is a sudden explosion of sparks!
You headbutt the lich, but do no damage.
The lich closely misses you. The blizzard demon barely misses you.
The blizzard demon hits you but does no damage.
You closely miss the lich. Your headbutt misses the lich.
The lich touches you but does no damage.
The blizzard demon waves its arms in wide circles.
The air twists around and strikes you!
The lich casts a spell.
The lich summons a servant imbued with its destructive magic!
You closely miss the lich. Your headbutt misses the lich. The lich touches you!
* * * LOW HITPOINT WARNING * * *
You partially resist.
You feel drained.
* * * LOW HITPOINT WARNING * * *
You take 8 damage, and have 30/126 hp.
You slice the lich!!
You destroy the lich!
Okawaru is honoured by your kill.
Your life force feels restored.
The blizzard demon disappears in a puff of smoke!
The spellforged servitor disappears in a puff of smoke!
The rock shatters into small pieces.
This wand has 9 charges left.
The large abomination barely misses you.
There is an open door here.
MP restored: 18 Read which item? (? for menu, Esc to quit)
Okay, then.
The rock shatters into small pieces.
This wand has 8 charges left.
A thrashing horror comes into view.
The thrashing horror roars!
The thrashing horror tramples you but does no damage. x2
The thrashing horror roars!
The thrashing horror tramples you but does no damage. x4
The thrashing horror roars!
The thrashing horror tramples you but does no damage.
The thrashing horror misses you.
The rock shatters into small pieces.
This wand has 7 charges left.
A queen bee comes into view.
The thrashing horror tramples you but does no damage.
The thrashing horror tramples you.
* * * LOW HITPOINT WARNING * * *
You hold your ground!
You take 1 damage, and have 36/128 hp.
The queen bee changes into a trapdoor spider!
You feel like a meek peon again.
A crimson imp comes into view.
A white very ugly thing comes into view.
The crimson imp shouts!
The trapdoor spider bites you but does no damage.
The crimson imp hits you but does no damage.
The trapdoor spider bites you but does no damage.
The white very ugly thing punches you.
* * * LOW HITPOINT WARNING * * *
The white very ugly thing freezes you!!
* * * LOW HITPOINT WARNING * * *
The trapdoor spider bites you but does no damage.
You take 35 damage, and have 6/128 hp.
MASSIVE DAMAGE!!
The rock shatters into small pieces.
This wand has 6 charges left.
The trapdoor spider barely misses you. The white very ugly thing punches you!
You die...

# #.# ###
.#.#..# #
.....# ..
.#..# #..
##...
...#####.u##.#
.......@.#..
.#.#..5s#....#
##....#.#.##
#......# ..
##.4#.## ..#
.#.#..###.
####X..#! ##
#.......#
X.....


You could see a white very ugly thing, a large abomination, a hellwing, a
trapdoor spider shaped shifter and a crimson imp.

Vanquished Creatures
  A profane servitor (Abyss:1)
  A bone dragon (Abyss:1)
  A lich (Abyss:1)
  A draconian shifter (Abyss:1)
  An angel (Abyss:1)
  A hydra (D:9)
  Erica (D:10)
  A centaur warrior (D:10)
  A thrashing horror (Abyss:1)
  A shadow wraith (Abyss:1)
  2 wretched stars (Abyss:1)
  A fire crab (D:8)
  A ghost moth zombie (Abyss:1)
  An unseen horror (D:10)
  Pikel (D:5)
  A flayed ghost (Abyss:1)
  An orc knight (Bailey)
  A large abomination (Abyss:1)
  A mana viper (Abyss:1)
  2 ugly things
  2 sixfirhies (Abyss:1)
  Psyche (D:9)
  A gargoyle (D:9)
  A kobold demonologist (Sewer)
  An orange demon (Abyss:1)
  2 ancient zymes (Abyss:1)
  Grinder (D:3)
  4 raiju (Abyss:1)
  2 yaks (D:9)
  A wyvern (D:10)
  A ynoxinul (Abyss:1)
  3 hippogriffs
  2 hungry ghosts (D:8)
  A phantom (D:8)
  A necrophage (D:9)
  8 ogres
  12 orc warriors
  2 sky beasts
  2 black bears
  3 ice beasts
  6 big kobolds
  7 centaurs
  Blork the orc (D:5)
  6 giant frogs
  3 small abominations (Abyss:1)
  2 scorpions
  9 wights
  12 killer bees
  4 electric eels (D:10)
  4 crimson imps
  2 hounds
  A wasp zombie (D:6)
  2 giant frog zombies
  7 orc priests
  Crazy Yiuf (D:5)
  Ijyb (D:2)
  A centaur skeleton (D:5)
  2 jellies
  2 giant frog skeletons (D:10)
  12 orc wizards
  2 quasits
  6 worker ants
  An iron imp (Abyss:1)
  Natasha (thrice) (D:2)
  2 iguanas
  2 sheep (D:9)
  A big kobold zombie (Sewer)
  A hound zombie (D:7)
  2 worker ant zombies
  8 adders
  5 gnolls
  3 shadow imps (Sewer)
  An ufetubus (Sewer)
  A giant eyeball (D:6)
  5 oozes
  An adder skeleton (D:8)
  2 adder zombies (D:5)
  2 worms
  72 orcs
  4 ball pythons
  10 giant cockroaches
  6 hobgoblins
  31 kobolds
  5 quokkas
  8 bats
  5 giant geckos
  12 giant newts
  3 goblins
  16 jackals
  A kobold zombie (Sewer)
  12 rats
391 creatures vanquished.

Vanquished Creatures (others)
  An ogre (D:5)
  An iguana (D:5)
  An adder (D:5)
  A giant cockroach zombie (Sewer)
  A jackal skeleton (D:5)
  A kobold zombie (Sewer)
  A quokka (D:5)
7 creatures vanquished.

Grand Total: 398 creatures vanquished

Notes
Turn   | Place    | Note
--------------------------------------------------------------
     0 | D:1      | dpvblackbelt the Minotaur Gladiator began the quest for the Orb.
     0 | D:1      | Reached XP level 1. HP: 18/18 MP: 0/0
    70 | D:1      | Reached skill level 4 in Staves
   100 | D:1      | Reached XP level 2. HP: 12/25 MP: 1/1
   697 | D:2      | Noticed Ijyb
   709 | D:2      | Killed Ijyb
   709 | D:2      | Reached skill level 5 in Staves
   709 | D:2      | Reached XP level 3. HP: 25/30 MP: 2/2
   728 | D:2      | Found a radiant altar of Vehumet.
   810 | D:2      | Reached XP level 4. HP: 27/37 MP: 3/3
   812 | D:2      | Noticed Natasha
   826 | D:2      | Reached skill level 6 in Staves
   832 | D:2      | Killed Natasha
  1071 | D:2      | Found a bloodstained altar of Trog.
  1268 | D:2      | Found an opulent altar of Gozag.
  1275 | D:2      | Found Gozag's Platinum Reserve.
  1394 | D:2      | Noticed Natasha
  1399 | D:2      | Killed Natasha
  1399 | D:2      | Reached XP level 5. HP: 29/42 MP: 4/4
  1471 | D:2      | Noticed Natasha
  1490 | D:2      | Killed Natasha
  1535 | D:2      | Reached skill level 7 in Staves
  1958 | D:3      | Noticed Grinder
  1961 | D:3      | Paralysed by Grinder for 6 turns
  1985 | D:3      | Paralysed by Grinder for 6 turns
  1990 | D:3      | HP: 5/42 [Grinder/nerve-wracking pain (12)]
  1998 | D:3      | Killed Grinder
  1998 | D:3      | Reached skill level 9 in Staves
  1998 | D:3      | Reached XP level 6. HP: 16/50 MP: 5/5
  2821 | D:4      | Found a shadowy altar of Dithmenos.
  2845 | D:4      | Reached XP level 7. HP: 56/56 MP: 6/6
  2923 | D:4      | Reached skill level 10 in Staves
  3094 | D:4      | Found a glowing drain.
  3106 | Sewer    | Entered a sewer
  3217 | Sewer    | HP: 14/56 [poisoned by a kobold]
  3223 | Sewer    | HP: 11/56 [poisoned by a kobold]
  3228 | Sewer    | HP: 9/56 [poisoned by a kobold]
  3234 | Sewer    | HP: 8/56 [poisoned by a kobold]
  3242 | Sewer    | HP: 8/56 [poisoned by a kobold]
  3587 | Sewer    | Found a burning altar of Makhleb.
  3616 | Sewer    | Noticed an apprentice kobold demonologist
  3654 | Sewer    | Killed an apprentice kobold demonologist
  3654 | Sewer    | Reached skill level 11 in Staves
  3663 | Sewer    | Reached XP level 8. HP: 23/62 MP: 7/7
  4108 | D:4      | Reached skill level 1 in Armour
  4288 | D:5      | Entered Level 5 of the Dungeon
  4356 | D:5      | Noticed Pikel
  4380 | D:5      | Killed Pikel
  4380 | D:5      | Reached skill level 6 in Armour
  4407 | D:5      | Noticed Blork the orc
  4428 | D:5      | Killed Blork the orc
  4613 | D:5      | Reached skill level 7 in Armour
  4827 | D:5      | Noticed Crazy Yiuf
  4832 | D:5      | Killed Crazy Yiuf
  5334 | D:5      | Found a staircase to the Ecumenical Temple.
  5339 | Temple   | Entered the Ecumenical Temple
  5427 | D:6      | Reached skill level 8 in Armour
  5431 | D:6      | Reached XP level 9. HP: 68/68 MP: 8/8
  5534 | D:6      | Found a stormy altar of Qazlal.
  5591 | D:6      | Noticed a green ugly thing
  5604 | D:6      | Killed a green ugly thing
  5604 | D:6      | Reached skill level 9 in Armour
  5645 | D:6      | Reached skill level 10 in Armour
  5686 | D:6      | Paralysed by a giant eyeball for 2 turns
  5742 | D:6      | Identified a +1 iron rod (9/9) (You found it on level 6 of the Dungeon)
  5784 | D:6      | Reached skill level 11 in Armour
  6006 | D:6      | Reached skill level 12 in Armour
  6120 | D:6      | Found a snail-covered altar of Cheibriados.
  6221 | D:6      | Found an iron altar of Okawaru.
  6257 | D:6      | Became a worshipper of Warmaster Okawaru
  6363 | D:6      | Reached XP level 10. HP: 74/74 MP: 9/9
  6443 | D:7      | Found a white marble altar of Elyvilon.
  6696 | D:7      | Reached skill level 13 in Armour
  6956 | D:7      | Found a deep blue altar of Sif Muna.
  6957 | D:7      | Found a sacrificial altar of Ru.
  7426 | D:8      | Reached skill level 12 in Staves
  7486 | D:8      | Acquired Okawaru's first power
  7545 | D:8      | Reached skill level 3 in Fighting
  7590 | D:8      | Noticed a fire crab
  7596 | D:8      | Killed a fire crab
  7596 | D:8      | Reached skill level 5 in Fighting
  7901 | D:8      | Reached skill level 6 in Fighting
  8193 | D:8      | Reached skill level 7 in Fighting
  8503 | D:8      | Reached skill level 13 in Staves
  8626 | D:9      | Found a flagged portal.
  8632 | Bailey   | Entered a bailey
  9464 | Bailey   | Noticed an orc knight
  9533 | Bailey   | Killed an orc knight
  9533 | Bailey   | Reached XP level 11. HP: 54/92 MP: 10/10
  9928 | D:9      | Found Asidwiul's Assorted Antiques.
  9937 | D:9      | Bought a peridot ring for 165 gold pieces
  9937 | D:9      | Bought 2 scrolls labeled DOAJAH LYGE for 66 gold pieces
  9937 | D:9      | Bought a scroll labeled RITUCK NAQEWEKI for 33 gold pieces
  9964 | D:9      | Found a basalt altar of Yredelemnul.
 10013 | D:9      | Found a shadowy altar of Dithmenos.
 10047 | D:9      | Reached skill level 14 in Staves
 10075 | D:9      | Noticed a two-headed hydra
 10083 | D:9      | Killed a two-headed hydra
 10102 | D:9      | Identified a scroll of acquirement
 10131 | D:9      | Noticed Psyche
 10138 | D:9      | Killed Psyche
 10265 | D:9      | Received a gift from Okawaru
 10426 | D:9      | Found a blossoming altar of Fedhas.
 10459 | D:9      | Found a burning altar of Makhleb.
 10738 | D:10     | Entered Level 10 of the Dungeon
 10745 | D:10     | Reached skill level 15 in Staves
 11080 | D:10     | Noticed a centaur warrior
 11093 | D:10     | Killed a centaur warrior
 11093 | D:10     | Reached skill level 1 in Invocations
 11165 | D:10     | Reached skill level 2 in Invocations
 11187 | D:10     | Found a staircase to the Orcish Mines.
 11263 | D:10     | Found Bapiad's Distillery.
 11264 | D:10     | Noticed Erica
 11277 | D:10     | Killed Erica
 11286 | D:10     | Bought a potion of heal wounds for 70 gold pieces
 11286 | D:10     | Bought a potion of curing for 42 gold pieces
 11286 | D:10     | Bought 2 potions of curing for 84 gold pieces
 11340 | D:10     | Killed an unseen horror
 11340 | D:10     | Acquired Okawaru's second power
 11340 | D:10     | Reached skill level 8 in Fighting
 11340 | D:10     | Reached skill level 3 in Invocations
 11489 | D:10     | Found Pyedwith's Armour Shoppe.
 11621 | D:10     | Found Diesuzi's Antique Weapon Boutique.
 11622 | D:10     | Noticed Sonja
 11633 | D:10     | Cast into the Abyss (Sonja)
 11664 | Abyss:1  | Reached skill level 4 in Invocations
 11696 | Abyss:1  | Noticed a bone dragon
 11701 | Abyss:1  | Reached skill level 5 in Invocations
 11711 | Abyss:1  | Killed a bone dragon
 11711 | Abyss:1  | Received a gift from Okawaru
 11711 | Abyss:1  | Reached skill level 7 in Invocations
 11711 | Abyss:1  | Reached XP level 12. HP: 101/101 MP: 7/16
 11721 | Abyss:1  | Killed a shadow wraith
 11945 | Abyss:1  | Noticed an Executioner
 12059 | Abyss:1  | Reached skill level 8 in Invocations
 12214 | Abyss:1  | Noticed a death knight
 12214 | Abyss:1  | Noticed a ghoul
 12283 | Abyss:1  | HP: 24/102 [spatial maelstrom (4)]
 12420 | Abyss:1  | Reached skill level 12 in Fighting
 12420 | Abyss:1  | Reached XP level 13. HP: 36/119 MP: 18/18
 12696 | Abyss:1  | Noticed an angel
 12711 | Abyss:1  | Killed an angel
 12711 | Abyss:1  | Reached skill level 13 in Fighting
 12767 | Abyss:1  | Noticed a starcursed mass
 12796 | Abyss:1  | Found a corrupted altar of Lugonu.
 12983 | Abyss:1  | Noticed a profane servitor
 13008 | Abyss:1  | Killed a profane servitor
 13008 | Abyss:1  | Received a gift from Okawaru
 13008 | Abyss:1  | Reached skill level 14 in Fighting
 13009 | Abyss:1  | Got a twisted buckler {god gift}
 13009 | Abyss:1  | HP: 25/124 [sixfirhy (9)]
 13194 | Abyss:1  | Noticed a white draconian shifter
 13236 | Abyss:1  | Killed a white draconian shifter
 13236 | Abyss:1  | Reached skill level 15 in Fighting
 13277 | Abyss:1  | Noticed a lich
 13310 | Abyss:1  | HP: 29/126 [large abomination (26)]
 13328 | Abyss:1  | HP: 31/126 [lich (7)]
 13329 | Abyss:1  | Killed a lich
 13366 | Abyss:1  | Noticed a white very ugly thing
 13369 | Abyss:1  | HP: 6/128 [white very ugly thing (30)]
 13370 | Abyss:1  | Mangled by a white very ugly thing

Vault maps used:
D:1:      dpeg_arrival_pits, roderic_lattice_a
D:2:      nicolae_overflow_crystal_walls, bloody_trog,
          nicolae_gozag_zags_fifth_avenue, first_bread, minmay_three_crescents,
          uniq_natasha, uniq_iyjb
D:3:      kennysheep_decorative_pillar, serial_bayou_lagoon_b, uniq_grinder
D:4:      old_standard_altar, portal_sewer_entry_a
D:5:      minmay_temple_entry_nine_rooms, kennysheep_small_square,
          uniq_blork_the_orc, uniq_crazy_yiuf_cottage, uniq_pikel
D:6:      minmay_opposing_rooms, cheibrodos_worm_habitat,
          nicolae_qazlal_style_of_elements, okawaru_trees_1
D:7:      elyvilon_altar_5, gammafunk_temple_overflow_statue
D:8:      minmay_imperfect_grid
D:9:      lemuel_doored_altar, lightli_temple_of_fire, fedhas_altar_4,
          basic_altar, serial_shops, nicolae_shop_overgrown_old_shop,
          enter_bailey_2, hangedman_ranch, uniq_psyche
D:10:     kennysheep_orc_sif_temple, hiddenorc2_lemuel, serial_shops, shop,
          shop, shop, kennysheep_mini_moat, uniq_erica, uniq_sonja
Temple:   nicolae_temple_no_exploring_needed
Abyss:1:  hangedman_abyss_or_decor_passed, hangedman_abyss_shoalhut
Sewer:    kennysheep_sewer_church
Bailey:   bailey_polearm_2, bailey

Action                   |  1- 3 |  4- 6 |  7- 9 | 10-12 | 13-15 || total
-------------------------+-------+-------+-------+-------+-------++-------
Melee: Quarterstaff      |    62 |   201 |   344 |   285 |       ||   892
       Lajatang          |       |       |       |   219 |    96 ||   315
 Fire: Arbalest          |       |       |       |    32 |       ||    32
Throw: Tomahawk          |       |       |       |     2 |       ||     2
Invok: Heroism           |       |       |       |     2 |     6 ||     8
       Finesse           |       |       |       |     1 |     4 ||     5
Evoke: Wand              |       |       |       |     3 |     6 ||     9
  Use: Potion            |       |     4 |     6 |    14 |     4 ||    28
       Scroll            |       |       |       |    26 |     9 ||    35
 Stab: Paralysed         |       |       |       |     3 |       ||     3
       Confused          |       |       |       |     1 |       ||     1
       Petrifying        |       |       |       |     1 |       ||     1
  Eat: Chunk             |       |     1 |     4 |     9 |       ||    14
       Meat ration       |       |     1 |     1 |     1 |     2 ||     5
       Fruit             |       |       |     3 |       |       ||     3
       Bread ration      |       |       |     1 |     1 |       ||     2
       Beef jerky        |       |       |       |       |     1 ||     1

Vault maps used:
D:1:      dpeg_arrival_pits, roderic_lattice_a
D:2:      nicolae_overflow_crystal_walls, bloody_trog,
          nicolae_gozag_zags_fifth_avenue, first_bread, minmay_three_crescents,
          uniq_natasha, uniq_iyjb
D:3:      kennysheep_decorative_pillar, serial_bayou_lagoon_b, uniq_grinder
D:4:      old_standard_altar, portal_sewer_entry_a
D:5:      minmay_temple_entry_nine_rooms, kennysheep_small_square,
          uniq_blork_the_orc, uniq_crazy_yiuf_cottage, uniq_pikel
D:6:      minmay_opposing_rooms, cheibrodos_worm_habitat,
          nicolae_qazlal_style_of_elements, okawaru_trees_1
D:7:      elyvilon_altar_5, gammafunk_temple_overflow_statue
D:8:      minmay_imperfect_grid
D:9:      lemuel_doored_altar, lightli_temple_of_fire, fedhas_altar_4,
          basic_altar, serial_shops, nicolae_shop_overgrown_old_shop,
          enter_bailey_2, hangedman_ranch, uniq_psyche
D:10:     kennysheep_orc_sif_temple, hiddenorc2_lemuel, serial_shops, shop,
          shop, shop, kennysheep_mini_moat, uniq_erica, uniq_sonja
Temple:   nicolae_temple_no_exploring_needed
Abyss:1:  hangedman_abyss_or_decor_passed, hangedman_abyss_shoalhut
Sewer:    kennysheep_sewer_church
Bailey:   bailey_polearm_2, bailey

Table legend:
 A = Turns spent in this place as a percentage of turns spent in the entire game.
 B = Non-inter-level travel turns spent in this place as a percentage of non-inter-level travel turns spent in the entire game.
 C = Inter-level travel turns spent in this place as a percentage of turns spent in this place.
 D = Turns resting spent in this place as a percentage of non-inter-level travel turns spent in this place.
 E = Turns spent auto-exploring this place as a percentage of non-inter-level travel turns spent in this place.
 F = Non-inter-level travel turns spent in this place divided by the number of levels of this place that you've seen.
                   A       B       C       D       E      F
               +-------+-------+-------+-------+-------+----------------------
         Total | 100.0 | 100.0 |   0.2 |   2.9 |   8.7 | 319.9
       Dungeon |  64.9 |  64.9 |   0.3 |   1.5 |  12.7 | 290.5
        Temple |   0.1 |   0.1 |   0.0 |   0.0 |   0.0 |   3.0
         Abyss |  15.4 |  15.4 |   0.0 |   8.2 |   0.4 | 691.0
         Sewer |   8.3 |   8.3 |   0.0 |   4.6 |   2.9 | 373.0
        Bailey |  11.3 |  11.3 |   0.0 |   2.2 |   1.6 | 507.0
               +-------+-------+-------+-------+-------+----------------------

Table legend:
 A = Kills in this place as a percentage of kills in entire the game.
 B = Kills by you in this place as a percentage of kills by you in the entire game.
 C = Kills by friends in this place as a percentage of kills by friends in the entire game.
 D = Other kills in this place as a percentage of other kills in the entire game.
 E = Experience gained in this place as a percentage of experience gained in the entire game.
 F = Experience gained in this place divided by the number of levels of this place that you have seen.
                   A       B       C       D       E      F
               +-------+-------+-------+-------+-------+----------------------
         Total | 100.0 | 100.0 |  -nan |  -nan | 100.0 | 3072.4
       Dungeon |  79.0 |  79.0 |  -nan |  -nan |  38.9 | 1672.3
         Abyss |   7.4 |   7.4 |  -nan |  -nan |  55.6 | 23914.0
         Sewer |   7.2 |   7.2 |  -nan |  -nan |   1.6 | 671.0
        Bailey |   6.4 |   6.4 |  -nan |  -nan |   4.0 | 1705.0
               +-------+-------+-------+-------+-------+----------------------
